Map: Dynasty LE

Players

Kodoku

  • Race: Zerg Zerg
  • League: Silver
  • Spawn Location: 7:00

FLORENCIO - Winner!

  • Race: Zerg Zerg
  • League: Diamond
  • Spawn Location: 1:00

VOD

Have the link to the VOD?

Description

Time

  • Played on: Nov. 22, 2024, 5:15 p.m.
  • Length: 6:02
Show
View Real Time Build Order
Export as new Build Order

Kodoku Zerg 

Build Orders: Pool First 

Get SALT Encoding   

  12  0:21  Spawning Pool, Drone  
  12  0:29  Drone  
  12  0:34  Overlord  
  13  0:43  Drone  
  14  1:08  Zergling x6  
  14  1:11  Queen  
  19  1:19  Zergling x2  
  20  1:31  Zergling x2  
  21  1:42  Drone  
  22  1:53  Overlord  
  22  1:59  Hatchery  
  21  2:12  Zergling x2  
  22  2:24  Zergling x4  
  22  2:25  Zergling x4  
  26  2:31  Extractor  
  26  2:32  Drone  
  26  2:34  Extractor  
  25  2:39  Queen  
  27  2:56  Drone x2  
  29  3:07  Overlord  
  29  3:24  Overlord  
  29  3:25  Overlord x2  
  29  3:34  Drone  
  29  3:36  Drone  
  29  3:37  Drone x2  
  33  3:46  Drone  
  34  3:53  Metabolic Boost  
  34  3:57  Drone x2  
  34  3:58  Drone x2  
  38  4:03  Drone  
  38  4:07  Drone x2  
  41  4:15  Lair  
  41  4:25  Roach Warren  
  40  4:40  Zergling x2  
  40  4:41  Zergling x10  
  34  5:04  Zergling x2  
  34  5:05  Zergling x10  
Show
View Real Time Build Order
Export as new Build Order

FLORENCIO Zerg - Winner!

Build Orders: Pool First 

Get SALT Encoding   

  12  0:01  Drone  
  13  0:08  Drone  
  14  0:28  Spawning Pool  
  14  0:31  Extractor  
  12  0:38  Drone x2  
  15  0:44  Overlord  
  15  1:22  Hatchery  
  15  1:24  Zergling x6  
  17  1:28  Extractor  
  16  1:40  Zergling x2  
  16  1:43  Queen  
  19  1:48  Spine Crawler  
  19  1:51  Zergling x2  
  19  1:57  Zergling x2  
  20  2:07  Zergling x2  
  21  2:18  Zergling x2  
  22  2:34  Queen  
  24  2:38  Drone  
  25  2:45  Zergling x2  
  26  2:53  Spine Crawler  
  26  2:57  Zergling x4  
  26  2:58  Zergling x2  
  28  3:12  Overlord  
  28  3:19  Spine Crawler  
  27  3:22  Drone  
  28  3:30  Queen, Drone  
  28  3:32  Drone  
  32  3:43  Spine Crawler  
  31  3:51  Spine Crawler  
  30  4:00  Spine Crawler  
  29  4:09  Overlord  
  29  4:26  Zergling x6  
  32  4:32  Zergling x2  
  33  4:40  Zergling x4  
Tags
 
Add a new tag
Caveats
  • Supply blocks, unpowered buildings, or Contaminate may cause inaccurate times.
  • Supply counts are checked every 10 seconds.